[Event "ICC tourney 2917 (30 10)"]
[Site "Internet Chess Club"]
[Date "2022.05.21"]
[Round "3"]
[White "BAGCHI, SOUNAK:Chesssaga"]
[Black "JACKSON, MASSIMO MATEO:Yeetamus123"]
[Result "1-0"]
[ICCResult "Black checkmated"]
[WhiteElo "1862"]
[BlackElo "1525"]
[Opening "Sicilian: Nimzovich-Rossolimo attack (with ...g6, without ...d6)"]
[ECO "B31"]
[NIC "SI.31"]
[Time "16:00:36"]
[PlyCount "63"]
[TimeControl "1800+10"]

1. e4 c5 2. Nf3 Nc6 3. Bb5 g6 4. Bxc6 dxc6 5. d3 Bg7 6. Nc3 Nf6 7. Be3 b6 8.
O-O O-O 9. a4 h6 10. h3 Be6 11. a5 c4 12. Nd4 Ng4 13. Nxe6 Nxe3 14. fxe3
fxe6 15. d4 e5 16. d5 bxa5 17. dxc6 Qb6 18. Nd5 Qc5 19. Qg4 Kh7 20. Rxf8
Rxf8 21. c7 Qc6 22. Rxa5 e6 23. Qxg6+ Kh8 24. Rxa7 Qd7 25. c8=Q Qxa7 26.
Qcxe6 Qa1+ 27. Kh2 Qf1 28. Qe7 Rg8 29. Qh4 Qf8 30. Nf6 Bxf6 31. Qhxh6+ Qxh6
32. Qxh6# {Black checkmated} 1-0

[Event "ICC tourney 2917 (30 10)"]
[Site "Internet Chess Club"]
[Date "2022.05.21"]
[Round "3"]
[White "OPASKA, MICHAEL:mopaska1106"]
[Black "HO, COOPER:arsenicblast"]
[Result "0-1"]
[ICCResult "White resigns"]
[WhiteElo "1778"]
[BlackElo "1849"]
[Opening "Neo-Grünfeld, 6.O-O, main line"]
[ECO "D79"]
[NIC "SL.01"]
[Time "16:03:11"]
[PlyCount "132"]
[TimeControl "1800+10"]

1. d4 d5 2. c4 c6 3. Nf3 Nf6 4. g3 g6 5. Bg2 Bg7 6. O-O O-O 7. cxd5 cxd5 8.
Nc3 Nc6 9. Bg5 Ne4 10. Rc1 Nxg5 11. Nxg5 e5 12. Nf3 e4 13. Ne5 Nxe5 14. dxe5
Be6 15. Qd4 Rc8 16. Qxa7 Bxe5 17. Rcd1 f5 18. Qxb7 d4 19. Nxe4 fxe4 20. Qxe4
Qd6 21. b3 Rfd8 22. Rc1 Bg7 23. Qb7 Rc3 24. Rcd1 Bd5 25. Bxd5+ Qxd5 26.
Qxd5+ Rxd5 27. e4 Ra5 28. Rd2 Rac5 29. Rfd1 Rc2 30. f4 Rxd2 31. Rxd2 Kf7 32.
e5 Rd5 33. Kf2 Bf8 34. Kf3 Bc5 35. Ke4 Rd8 36. h3 Bb6 37. b4 Ra8 38. Kd5 Ra3
39. Kc6 Ba7 40. b5 Rc3+ 41. Kb7 Bc5 42. a4 d3 43. a5 Be3 44. Rd1 d2 45. a6
Rc5 46. b6 Rb5 47. Rxd2 Rxb6+ 48. Kc7 Rxa6 49. Rd7+ Ke6 50. Rd6+ Rxd6 51.
exd6 Bd2 52. d7 Ba5+ 53. Kc8 Ke7 54. g4 h6 55. h4 h5 56. gxh5 gxh5 57. Kb7
Kxd7 58. Ka6 Bd8 59. Kb5 Ke6 60. Kc4 Kf5 61. Kd3 Kxf4 62. Ke2 Kg3 63. Kf1
Bb6 64. Ke2 Kg2 65. Ke1 Bf2+ 66. Ke2 Bxh4 {White resigns} 0-1

[Event "ICC tourney 2917 (30 10)"]
[Site "Internet Chess Club"]
[Date "2022.05.21"]
[Round "4"]
[White "MARKOVIC, GORAN:Goran21"]
[Black "KOEHL, EVAN:MacAndSneeze"]
[Result "1-0"]
[ICCResult "Black resigns"]
[WhiteElo "1794"]
[BlackElo "1790"]
[Opening "Sicilian: Najdorf, Lipnitzky attack"]
[ECO "B86"]
[NIC "SI.13"]
[Time "18:00:19"]
[PlyCount "45"]
[TimeControl "1800+10"]

1. e4 c5 2. Nf3 d6 3. d4 cxd4 4. Nxd4 Nf6 5. Nc3 a6 6. Bc4 e6 7. Bb3 Be7 8.
f4 O-O 9. Be3 b5 10. f5 e5 11. Nde2 Bb7 12. Ng3 Nbd7 13. O-O Nc5 14. Bd5 Qc7
15. Bxb7 Qxb7 16. Bxc5 dxc5 17. Nh5 Rad8 18. Nxf6+ Bxf6 19. Nd5 Qc6 20. Rf3
Rd7 21. Nxf6+ gxf6 22. Rg3+ Kh8 23. Qg4 {Black resigns} 1-0

[Event "ICC tourney 2917 (30 10)"]
[Site "Internet Chess Club"]
[Date "2022.05.21"]
[Round "4"]
[White "OPASKA, MICHAEL:mopaska1106"]
[Black "VIDENA, DANIEL TUAPEN:Davide25"]
[Result "1-0"]
[ICCResult "Black resigns"]
[WhiteElo "1778"]
[BlackElo "1690"]
[Opening "Nimzo-Indian: classical variation"]
[ECO "E32"]
[NIC "NI.24"]
[Time "18:00:40"]
[PlyCount "41"]
[TimeControl "1800+10"]

1. d4 Nf6 2. c4 e6 3. Nc3 Bb4 4. Qc2 b6 5. a3 Bxc3+ 6. Qxc3 Bb7 7. Bg5 d5 8.
e3 Nbd7 9. Nf3 Rc8 10. c5 c6 11. Bd3 h6 12. Bf4 Ne4 13. Bxe4 dxe4 14. Nd2 f5
15. O-O Nf6 16. Bd6 b5 17. Qb3 Kd7 18. f3 Qa5 19. Nc4 Qa4 20. Ne5+ Kd8 21.
Qxe6 {Black resigns} 1-0

[Event "ICC tourney 2917 (30 10)"]
[Site "Internet Chess Club"]
[Date "2022.05.21"]
[Round "4"]
[White "WILLY, STEPHEN:stephenwilly"]
[Black "CAREY, MICHAEL P:xyzchessdude"]
[Result "1-0"]
[ICCResult "Black resigns"]
[WhiteElo "1819"]
[BlackElo "1807"]
[Opening "Sicilian: Alapin's variation (2.c3)"]
[ECO "B22"]
[NIC "SI.47"]
[Time "18:00:23"]
[PlyCount "59"]
[TimeControl "1800+10"]

1. e4 c5 2. c3 Nf6 3. e5 Nd5 4. d4 cxd4 5. Nf3 Nc6 6. Bc4 Nb6 7. Bb3 d5 8.
exd6 Qxd6 9. cxd4 Be6 10. Nc3 Bxb3 11. Qxb3 e6 12. O-O Be7 13. a4 Qb4 14.
Qc2 Rd8 15. Nb5 O-O 16. b3 Qa5 17. Ng5 Bxg5 18. Bxg5 Nxd4 19. Qb2 Nc6 20.
Bxd8 Rxd8 21. Rad1 Nd5 22. h3 a6 23. Nd4 Ncb4 24. Qd2 Qb6 25. a5 Qxa5 26.
Nc2 Rc8 27. Rc1 Rc3 28. Nxb4 Qxb4 29. Rxc3 Qxc3 30. Rc1 {Black resigns} 1-0

[Event "ICC tourney 2917 (30 10)"]
[Site "Internet Chess Club"]
[Date "2022.05.21"]
[Round "4"]
[White "Le, Benny:Benranger2011"]
[Black "BAGCHI, SOUNAK:Chesssaga"]
[Result "1-0"]
[ICCResult "Black resigns"]
[WhiteElo "1225"]
[BlackElo "1862"]
[Opening "Benoni: classical, 9.O-O"]
[ECO "A73"]
[NIC "BI.16"]
[Time "18:03:44"]
[PlyCount "59"]
[TimeControl "1800+10"]

1. d4 Nf6 2. c4 c5 3. d5 e6 4. Nc3 exd5 5. cxd5 d6 6. e4 g6 7. Nf3 Bg7 8.
Be2 O-O 9. O-O Bg4 10. Bf4 Bxf3 11. Bxf3 a6 12. Rc1 b5 13. e5 dxe5 14. Bxe5
Nbd7 15. Bf4 Qb6 16. d6 Rae8 17. Nd5 Nxd5 18. Qxd5 Bxb2 19. Rce1 Bf6 20.
Rxe8 Rxe8 21. Bg4 Rd8 22. Bxd7 Rxd7 23. Re1 c4 24. Bh6 Rd8 25. Re7 Bxe7 26.
dxe7 Re8 27. Qd7 Qb8 28. Qd4 f6 29. Qxf6 Rxe7 30. Qxe7 {Black resigns} 1-0

[Event "ICC tourney 2917 (30 10)"]
[Site "Internet Chess Club"]
[Date "2022.05.21"]
[Round "4"]
[White "WANG, ALEXANDER J:ickyquarter"]
[Black "HO, COOPER:arsenicblast"]
[Result "1-0"]
[ICCResult "Black resigns"]
[WhiteElo "1929"]
[BlackElo "1849"]
[Opening "Sicilian: Anderssen variation"]
[ECO "B41"]
[NIC "SI.41"]
[Time "18:01:07"]
[PlyCount "85"]
[TimeControl "1800+10"]

1. e4 c5 2. Nf3 e6 3. d4 cxd4 4. Nxd4 Nf6 5. Nc3 Nc6 6. g3 Bb4 7. Bg2 O-O 8.
O-O a6 9. Bg5 h6 10. Be3 d6 11. h3 Qc7 12. Nde2 b5 13. a3 Bc5 14. Bxc5 dxc5
15. e5 Rd8 16. Qc1 Nd5 17. f4 Bb7 18. Ne4 c4 19. Kh2 Qb6 20. Rf3 Rac8 21.
Nd6 Rc7 22. Nxb7 Rxb7 23. c3 Rbd7 24. Qg1 Qxg1+ 25. Rxg1 Nde7 26. Rf2 Rd2
27. Rb1 Rc2 28. Be4 Rcd2 29. Kg2 f6 30. exf6 gxf6 31. Ng1 a5 32. Nf3 R2d7
33. Re1 Kf7 34. Rfe2 Rd6 35. Bc2 Nd5 36. Be4 Nde7 37. Kf2 Rb8 38. Bc2 Nd5
39. Nd2 f5 40. a4 bxa4 41. Nxc4 Rd7 42. Bxa4 Rc7 43. Bxc6 {Black resigns}
1-0

[Event "ICC tourney 2917 (30 10)"]
[Site "Internet Chess Club"]
[Date "2022.05.21"]
[Round "4"]
[White "YUAN, SERENA:doudou2011"]
[Black "LOPEZ, FRANCISCO JAVIER:steinutz"]
[Result "1-0"]
[ICCResult "Black checkmated"]
[WhiteElo "1580"]
[BlackElo "1700"]
[Opening "Dutch defense"]
[ECO "A91"]
[NIC "HD.03"]
[Time "18:00:24"]
[PlyCount "71"]
[TimeControl "1800+10"]

1. d4 e6 2. c4 f5 3. g3 Nf6 4. Bg2 Be7 5. Nh3 O-O 6. O-O d6 7. Nc3 a5 8. e4
Nc6 9. d5 Ne5 10. b3 exd5 11. exd5 Nfd7 12. Nf4 Nc5 13. Be3 b6 14. Bxc5 bxc5
15. Ne6 Bxe6 16. dxe6 Rb8 17. Nd5 Kh8 18. Qd2 a4 19. Qc2 Nc6 20. Nxe7 Nd4
21. Nc6 Nxc2 22. Nxd8 Nxa1 23. e7 Re8 24. Rxa1 axb3 25. axb3 Rxb3 26. Re1 g5
27. Bc6 Rxe7 28. Rxe7 f4 29. gxf4 gxf4 30. Ne6 Kg8 31. Bd5 Ra3 32. Ng5+ Kf8
33. Rf7+ Ke8 34. Bc6+ Kd8 35. Ne6+ Kc8 36. Rf8# {Black checkmated} 1-0

[Event "ICC tourney 2917 (30 10)"]
[Site "Internet Chess Club"]
[Date "2022.05.21"]
[Round "4"]
[White "Guo, Anni:movingkid"]
[Black "Feng, Jay:TheDeadlyPawn"]
[Result "1/2-1/2"]
[ICCResult "Game drawn by mutual agreement"]
[WhiteElo "1700"]
[BlackElo "1530"]
[Opening "Caro-Kann defense"]
[ECO "B15"]
[NIC "CK.05"]
[Time "18:00:20"]
[PlyCount "140"]
[TimeControl "1800+10"]

1. e4 c6 2. d4 d5 3. Nc3 dxe4 4. Bc4 Nf6 5. f3 exf3 6. Nxf3 Bg4 7. Bxf7+
Kxf7 8. Ne5+ Ke8 9. Nxg4 Nbd7 10. O-O Qb6 11. Kh1 g6 12. Na4 Qa5 13. Nxf6+
Nxf6 14. Nc5 b6 15. Ne6 Kd7 16. Nf4 Rd8 17. Qe2 Kc8 18. c3 Kb7 19. a4 Qa6
20. Qxa6+ Kxa6 21. Ne6 Rd6 22. Nxf8 Rxf8 23. Bg5 Re6 24. Rae1 Rxe1 25. Rxe1
Rf7 26. Kg1 b5 27. Re6 Kb6 28. Bxf6 exf6 29. d5 Rc7 30. Rxf6 bxa4 31. Kf2
Kc5 32. dxc6 Rxc6 33. Rxc6+ Kxc6 34. Ke3 Kc5 35. Kd3 h6 36. h4 h5 37. g3 Kd5
38. c4+ Kc5 39. Kc3 a5 40. Kd3 Kb4 41. Kd4 Kb3 42. c5 Kxb2 43. c6 a3 44. c7
a2 45. c8=Q a1=Q 46. Qb8+ Kc2+ 47. Kd5 Qa2+ 48. Kc6 Qc4+ 49. Kd7 Qf7+ 50.
Kd6 Qf6+ 51. Kd5 Qf3+ 52. Kc5 Qd3 53. Kc6 Qd4 54. Qg8 Qc3+ 55. Kd7 Qd4+ 56.
Ke7 Qe5+ 57. Kd7 Qb5+ 58. Kd6 Qb6+ 59. Ke5 Qc5+ 60. Kf6 Qd6+ 61. Kg7 Qc7+
62. Kh6 Qxg3 63. Qa2+ Kd1 64. Qa4+ Ke2 65. Qxa5 Qxh4 66. Kxg6 Qh1 67. Qa2+
Ke3 68. Qa7+ Ke2 69. Qe7+ Kd3 70. Qa3+ Ke2 {Game drawn by mutual agreement}
1/2-1/2

[Event "ICC tourney 2917 (30 10)"]
[Site "Internet Chess Club"]
[Date "2022.05.21"]
[Round "5"]
[White "HO, COOPER:arsenicblast"]
[Black "MARKOVIC, GORAN:Goran21"]
[Result "1-0"]
[ICCResult "Black resigns"]
[WhiteElo "1849"]
[BlackElo "1794"]
[Opening "Giuoco Piano"]
[ECO "C50"]
[NIC "IG.02"]
[Time "20:00:21"]
[PlyCount "93"]
[TimeControl "1800+10"]

1. e4 e5 2. Nf3 Nc6 3. Bc4 Bc5 4. O-O Nf6 5. d3 O-O 6. h3 h6 7. Nbd2 d5 8.
exd5 Nxd5 9. Re1 Re8 10. Ne4 Bb6 11. Bxh6 gxh6 12. Bxd5 Kg7 13. Bb3 f5 14.
Ng3 Kh8 15. Nd2 Qg5 16. Qh5 Bxf2+ 17. Kxf2 Qxd2+ 18. Re2 Qf4+ 19. Kg1 Be6
20. Bxe6 Rxe6 21. Nxf5 Rf8 22. Rf1 Rxf5 23. Qxf5 Qxf5 24. Rxf5 Nd4 25. Rf8+
Kg7 26. Ref2 c5 27. R8f7+ Kg6 28. Rxb7 a6 29. c3 Nf5 30. Rc7 h5 31. Rxc5 h4
32. Re2 Ng3 33. Rexe5 Rf6 34. Re1 Rb6 35. b4 Rd6 36. d4 Kf6 37. d5 Kf5 38.
a4 Ne4 39. Rc4 Ng3 40. Rxh4 Rxd5 41. Kh2 Rd3 42. c4 Re3 43. Rxe3 Nf1+ 44.
Kg1 Nxe3 45. c5 Ke6 46. Rh6+ Kd5 47. Rxa6 {Black resigns} 1-0

[Event "ICC tourney 2917 (30 10)"]
[Site "Internet Chess Club"]
[Date "2022.05.21"]
[Round "5"]
[White "WANG, ALEXANDER J:ickyquarter"]
[Black "Le, Benny:Benranger2011"]
[Result "1-0"]
[ICCResult "Black checkmated"]
[WhiteElo "1929"]
[BlackElo "1225"]
[Opening "Caro-Kann: Tartakower (fantasy) variation"]
[ECO "B12"]
[NIC "CK.02"]
[Time "20:06:27"]
[PlyCount "39"]
[TimeControl "1800+10"]

1. e4 c6 2. d4 d5 3. f3 dxe4 4. fxe4 Nf6 5. e5 Nd5 6. Nf3 e6 7. Bd3 Be7 8.
O-O O-O 9. a3 c5 10. c3 Nc6 11. Kh1 Qb6 12. Bc2 cxd4 13. cxd4 Bd7 14. Nc3
Nxc3 15. bxc3 Rfd8 16. Ng5 h6 17. Nxf7 Rf8 18. Qd3 Rxf7 19. Qh7+ Kf8 20.
Qh8# {Black checkmated} 1-0

[Event "ICC tourney 2917 (30 10)"]
[Site "Internet Chess Club"]
[Date "2022.05.21"]
[Round "5"]
[White "SARAFUDINOV, ANDREY:whyyoutrysohard"]
[Black "JACKSON, MASSIMO MATEO:Yeetamus123"]
[Result "0-1"]
[ICCResult "White forfeits on time"]
[WhiteElo "1593"]
[BlackElo "1525"]
[Opening "English: symmetrical, Benoni formation"]
[ECO "A31"]
[NIC "EO.26"]
[Time "20:00:44"]
[PlyCount "74"]
[TimeControl "1800+10"]

1. d4 Nf6 2. c4 c5 3. Nf3 g6 4. g3 Bg7 5. Bg2 cxd4 6. Nxd4 Nc6 7. Nc3 O-O 8.
O-O Qb6 9. Nc2 d6 10. e4 Ne5 11. Nd5 Nxd5 12. cxd5 Bg4 13. Qd4 Nf3+ 14. Bxf3
Bxd4 15. Bxg4 Qc5 16. Ne3 h5 17. Bf3 Rac8 18. Rb1 e6 19. a3 exd5 20. Nxd5
Kg7 21. Bf4 Rcd8 22. Kg2 Rd7 23. h4 f5 24. exf5 Rxf5 25. Nb4 a5 26. Nd3 Qc2
27. Be4 Rxf4 28. gxf4 d5 29. Nc5 Qxc5 30. Bf3 Bf6 31. b4 axb4 32. axb4 Qc4
33. Kg3 d4 34. Be4 d3 35. Bxd3 Rxd3+ 36. Kg2 Qxf4 37. Rbc1 Qg4+
{White forfeits on time}
0-1

[Event "ICC tourney 2917 (30 10)"]
[Site "Internet Chess Club"]
[Date "2022.05.21"]
[Round "5"]
[White "VIDENA, DANIEL TUAPEN:Davide25"]
[Black "Guo, Anni:movingkid"]
[Result "1-0"]
[ICCResult "Black resigns"]
[WhiteElo "1690"]
[BlackElo "1700"]
[Opening "Nimzo-Indian: classical, Noa variation"]
[ECO "E34"]
[NIC "NI.23"]
[Time "20:00:50"]
[PlyCount "99"]
[TimeControl "1800+10"]

1. d4 Nf6 2. c4 e6 3. Nc3 Bb4 4. Qc2 d5 5. e3 c5 6. a3 Bxc3+ 7. bxc3 Qa5 8.
Nf3 Ne4 9. Bb2 cxd4 10. exd4 Nd6 11. c5 Nf5 12. Bd3 Ne7 13. O-O Ng6 14. c4
dxc4 15. Bxc4 O-O 16. Rfe1 Bd7 17. Bc3 Qc7 18. Rab1 b6 19. Bb4 bxc5 20. dxc5
Rc8 21. Qe4 Bc6 22. Qe3 Nd7 23. Ng5 Nde5 24. Ba6 Rd8 25. Ne4 Ng4 26. Qg3 Qf4
27. Nd6 h5 28. Qxf4 Nxf4 29. f3 Nf6 30. Ba5 Rf8 31. Bb4 Rab8 32. Kf2 N6d5
33. g3 Nc7 34. Bf1 Nfd5 35. Bg2 Na6 36. f4 Naxb4 37. axb4 a6 38. Bxd5 Bxd5
39. f5 Rfd8 40. fxe6 Bxe6 41. Rec1 Ra8 42. Ke3 Kf8 43. Rd1 Ke7 44. Kf4 g6
45. h4 Ra7 46. Rb2 Rc7 47. Ra1 Rb8 48. Rxa6 Rxc5 49. Ra7+ Kf6 50. Ne4+
{Black resigns}
1-0

[Event "ICC tourney 2917 (30 10)"]
[Site "Internet Chess Club"]
[Date "2022.05.21"]
[Round "5"]
[White "BAGCHI, SOUNAK:Chesssaga"]
[Black "WILLY, STEPHEN:stephenwilly"]
[Result "1-0"]
[ICCResult "Black resigns"]
[WhiteElo "1862"]
[BlackElo "1819"]
[Opening "Scotch: Mieses variation"]
[ECO "C45"]
[NIC "SO.04"]
[Time "20:00:50"]
[PlyCount "77"]
[TimeControl "1800+10"]

1. e4 e5 2. Nf3 Nc6 3. d4 exd4 4. Nxd4 Nf6 5. Nxc6 bxc6 6. e5 Qe7 7. Qe2 Nd5
8. h4 h5 9. c4 Ba6 10. Rh3 g6 11. Ra3 Qb4+ 12. Nd2 Qb6 13. Rxa6 Qxa6 14.
cxd5 Qxe2+ 15. Bxe2 cxd5 16. Bf3 c6 17. Nb3 Bg7 18. Bf4 a5 19. Nc5 a4 20. a3
Ra7 21. Bd1 O-O 22. Nxa4 Re8 23. Kd2 Bxe5 24. Bxe5 Rxe5 25. Nc5 d4 26. b4 d6
27. Nd3 Rf5 28. Bf3 c5 29. b5 c4 30. b6 Re7 31. b7 Rb5 32. Nb4 Rc7 33. Rc1
Kf8 34. Rb1 Rcxb7 35. Bxb7 Rxb7 36. a4 d3 37. a5 Rb5 38. a6 Ra5 39. Rb2
{Black resigns}
1-0

[Event "ICC tourney 2917 (30 10)"]
[Site "Internet Chess Club"]
[Date "2022.05.21"]
[Round "5"]
[White "CAREY, MICHAEL P:xyzchessdude"]
[Black "OPASKA, MICHAEL:mopaska1106"]
[Result "1-0"]
[ICCResult "Black resigns"]
[WhiteElo "1807"]
[BlackElo "1778"]
[Opening "Dutch: Leningrad, main variation with c6"]
[ECO "A88"]
[NIC "HD.06"]
[Time "20:00:19"]
[PlyCount "99"]
[TimeControl "1800+10"]

1. Nf3 f5 2. g3 Nf6 3. Bg2 g6 4. d4 Bg7 5. c4 O-O 6. O-O d6 7. Nc3 c6 8. d5
e5 9. dxe6 Bxe6 10. b3 Ne4 11. Nxe4 fxe4 12. Nd4 Qe7 13. Bf4 d5 14. Rc1 dxc4
15. Nxe6 Qxe6 16. Rxc4 Na6 17. Rxe4 Qf7 18. Qc2 Rad8 19. Qc4 Qxc4 20. Rxc4
h6 21. Be3 Rfe8 22. Bf3 Kh7 23. Rfc1 Bb2 24. Rb1 Bf6 25. h4 h5 26. Bxc6 bxc6
27. Rxc6 Bd4 28. Bxd4 Rxd4 29. Rxa6 Rxe2 30. Rxa7+ Kh6 31. Rf7 Rxa2 32. Re1
Rd8 33. Ree7 Rh8 34. Kg2 Rb2 35. Rb7 Rb1 36. Kf3 Rb2 37. Ke3 Rb1 38. Kd3
Rd1+ 39. Kc4 Rc8+ 40. Kb4 Rd4+ 41. Kb5 Rd5+ 42. Kb6 Rd6+ 43. Ka7 Rh8 44. b4
g5 45. hxg5+ Kxg5 46. Rf4 Rd5 47. Rg7+ Kh6 48. Rc7 Re8 49. Kb6 Rb8+ 50. Rb7
{Black resigns}
1-0

[Event "ICC tourney 2917 (30 10)"]
[Site "Internet Chess Club"]
[Date "2022.05.21"]
[Round "5"]
[White "KOEHL, EVAN:MacAndSneeze"]
[Black "YUAN, SERENA:doudou2011"]
[Result "1/2-1/2"]
[ICCResult "Game drawn by mutual agreement"]
[WhiteElo "1790"]
[BlackElo "1580"]
[Opening "Sicilian: Nimzovich-Rossolimo attack (without ...d6)"]
[ECO "B30"]
[NIC "SI.31"]
[Time "20:00:17"]
[PlyCount "172"]
[TimeControl "1800+10"]

1. e4 c5 2. Nf3 Nc6 3. Bb5 Nf6 4. Nc3 d6 5. e5 dxe5 6. Nxe5 Qc7 7. Nxc6 bxc6
8. Be2 Bf5 9. d3 e6 10. Bf3 Bd6 11. Nb5 Qa5+ 12. Nc3 Nd5 13. Bd2 Qb6 14. Rb1
O-O 15. O-O Rab8 16. b3 Rfd8 17. Ne4 Be5 18. a4 Bxe4 19. Bxe4 Nc3 20. Bxc3
Bxc3 21. h4 Qc7 22. Qh5 f5 23. Bf3 Bd2 24. Bd1 Rb4 25. g3 Qf7 26. Qxf7+ Kxf7
27. f4 Be3+ 28. Kg2 Rdb8 29. Bf3 R8b6 30. Rfe1 Bd2 31. Re2 Bc3 32. Rf1 a5
33. Bh5+ Ke7 34. Bf3 Kd6 35. Kh3 g6 36. h5 Rb8 37. hxg6 hxg6 38. Kg2 Re8 39.
Rh1 Rh8 40. Rxh8 Bxh8 41. Re1 Bg7 42. Rh1 Rb7 43. Rh7 Rc7 44. Kf1 e5 45.
fxe5+ Bxe5 46. Rh6 Rg7 47. Kg2 Bf6 48. Rh8 Rd7 49. Ra8 Bd8 50. Rc8 Bc7 51.
Rg8 Re7 52. Rxg6+ Re6 53. Rg5 Rf6 54. Kf2 Bb6 55. Rg8 c4+ 56. Kg2 cxd3 57.
cxd3 Kc7 58. Re8 Rf7 59. Re6 Rd7 60. Rxc6+ Kb7 61. Rd6+ Kc7 62. Rxd7+ Kxd7
63. Bd5 Kd6 64. Bc4 Ke5 65. Kf3 Bd4 66. g4 fxg4+ 67. Kxg4 Bc3 68. Kg5 Kd4
69. Kf5 Bb4 70. Ke6 Bc3 71. Kd6 Bb4+ 72. Kc6 Bc3 73. Kb6 Bd2 74. Kb5 Bb4 75.
Kc6 Bc3 76. Kd6 Bb4+ 77. Ke6 Bc3 78. Kf5 Bb4 79. Kg4 Bc3 80. Kf3 Bb4 81. Ke2
Bc3 82. Kd1 Bb4 83. Kc1 Bc3 84. Kb1 Bb4 85. Kb2 Bc3+ 86. Kc2 Bb4
{Game drawn by mutual agreement}
1/2-1/2